 Dungeon Crawl Stone Soup version 0.29-a0-334-gb41bcbb86e (webtiles) character file.

Game seed: 3155521034227364045

27 Antichthon the Grasshopper (level 3, -2/32 HPs)
             Began as a Naga Warper on Apr 14, 2022.
             Slain by Robin
             ... wielding a +0 trident
              (5 damage)
             ... on level 2 of the Dungeon.
             The game lasted 00:01:56 (1602 turns).

Antichthon the Grasshopper (Naga Warper)            Turns: 1602, Time: 00:01:57

Health: -2/32      AC:  2    Str: 13    XL:     3   Next: 10%
Magic:  6/6        EV:  9    Int: 13    God:
Gold:   43         SH:  0    Dex: 12    Spells: 1/6 levels left

rFire   . . .      SeeInvis +   a - +0 hand axe
rCold   . . .      Faith    .   (no shield)
rNeg    . . .      Spirit   .   b - +0 leather armour
rPois   +          Reflect  .   (no helmet)
rElec   .          Harm     .   (no cloak)
rCorr   .          Rampage  .   (no gloves)
Will    .....                   (no barding)
Stlth   +.........              (no amulet)
HPRegen 0.10/turn               (no ring)
MPRegen 0.10/turn               (no ring)

@: short of breath, very slow
A: AC +1, large, see invisible, deformed body, poison resistance, slowness 2,
spit poison 1, naga tail 1
a: Spit Poison


You were on level 2 of the Dungeon.
You visited 1 branch of the dungeon, and saw 2 of its levels.

You collected 43 gold pieces.

Inventory:

Hand Weapons
 a - a +0 hand axe (weapon)
Missiles
 d - 7 boomerangs of dispersal (quivered)
Armour
 b - a +0 leather armour (worn)
Scrolls
 e - a scroll of identify {unknown}
 g - a scroll of vulnerability {unknown}
 i - a scroll of teleportation {unknown}


   Skills:
 * Level 2.0 Fighting
 * Level 2.3 Axes
 * Level 0.3(0.6) Slings
 - Level 0.8(1.0) Throwing
 * Level 1.0 Armour
 * Level 1.7 Dodging
 * Level 0.7 Stealth
 * Level 0.2 Shields
 * Level 2.1 Spellcasting
 * Level 3.1 Translocations
 * Level 0.2 Transmutations
 * Level 0.1 Earth Magic
 * Level 0.5 Invocations


You had one spell level left.
You knew the following spells:

 Your Spells              Type           Power      Damage    Failure   Level
a - Blink                 Tloc           18%        N/A       13%         2
b - Teleport Other        Tloc           9%         N/A       26%         3

Your spell library contained the following spells:

 Spells                   Type           Power      Damage    Failure   Level
 Gell's Gravitas          Tloc           9%         N/A       26%         3
 Lesser Beckoning         Tloc           9%         N/A       26%         3
 Manifold Assault         Tloc           9%         N/A       94%         5


Dungeon Overview and Level Annotations

Branches:
Dungeon (2/15)

Altars:

Annotations:
D:2 Robin


Innate Abilities, Weirdness & Mutations

Your serpentine skin is tough. (AC +1)
You have supernaturally acute eyesight. (SInv)
Armour fits poorly on your strangely shaped body.
Your system is resistant to poisons. (rPois)
You cover ground very slowly.
You can spit poison.
You have a snake-like lower body.


Message History

You start resting.
HP restored.
You climb downwards.
Level annotation: Robin Robin hits you from afar with a +0 trident.
There is a stone staircase leading up, spattered with blood here.
Robin hits you with a +0 trident.
You hit Robin.
Robin is moderately wounded.
Robin hits you with a +0 trident!
You hit Robin but do no damage.
Robin is moderately wounded.
Robin hits you with a +0 trident.
You hit Robin.
Robin is severely wounded.
Robin hits you with a +0 trident.
Aiming: Spit Poison (2% risk of failure)
Press: ? - help, Shift-Dir - straight line, f - Robin
Aim: Robin, wielding a +0 trident, wearing a +0 animal skin and wearing a +0 helmet (severely wounded, 70% to hit)
The splash of poison misses Robin.
Robin points. "Kill!"
Robin hits you but does no damage.
You hit Robin.
Robin is severely wounded.
Robin hits you with a +0 trident. Robin barely misses you.
You hit Robin.
Robin is almost dead.
Robin completely misses you.
Okay, then.
You hit Robin but do no damage.
Robin is almost dead.
Robin hits you with a +0 trident!
* * * LOW HITPOINT WARNING * * *
You barely miss Robin.
Robin is almost dead.
Robin barely misses you.
You barely miss Robin.
Robin is almost dead.
Robin hits you with a +0 trident.
You die...

#####
##... ...#
#g.# #@.#
#<.#
.........#
########.#
.# .# .#
.# .#


You could see Robin.

Vanquished Creatures
  A dart slug (D:1)
  2 endoplasms (D:1)
  A giant cockroach (D:1)
  7 goblins (D:1)
  6 hobgoblins (D:1)
  2 kobolds (D:1)
19 creatures vanquished.

Notes
Turn   | Place    | Note
-------+----------+-------------------------------------------
     0 | D:1      | Antichthon the Naga Warper began the quest for the Orb.
     0 | D:1      | Reached XP level 1. HP: 19/19 MP: 3/3
     9 | D:1      | Noticed a basilisk
     9 | D:1      | Noticed a servant of whispers
     9 | D:1      | Noticed a fire giant
    45 | D:1      | Found a faded altar of an unknown god.
   496 | D:1      | Reached XP level 2. HP: 22/26 MP: 5/5
  1075 | D:2      | Noticed Robin
  1329 | D:1      | Reached skill level 1 in Armour
  1330 | D:1      | Reached XP level 3. HP: 13/32 MP: 6/6
  1339 | D:1      | Learned a level 2 spell: Blink
  1343 | D:1      | Learned a level 3 spell: Teleport Other
  1602 | D:2      | Slain by Robin

Illustrated notes

Levels and vault maps discovered:
D:1:      onia_arrival_zoo_common, layout_basic, ebering_ecumenical_altar_mist,
          serial_park_tiny_2
D:2:      layout_loops_ring, uniq_robin, uniq_crazy_yiuf_cottage, uniq_jessica

Skill      XL: |  1  2 |
---------------+-------+-----
Armour         | 1 |  1.0
Fighting       | |  2.0
Axes           | |  2.3
Slings         | |  0.3
Throwing       | |  0.8
Dodging        | |  1.7
Stealth        | |  0.7
Shields        | |  0.2
Spellcasting   | |  2.1
Translocations | |  3.1
Transmutations | |  0.2
Earth Magic    | |  0.1
Invocations    | |  0.5

Action                   || total
-------------------------++-------
Melee: Hand axe          ||    55
 Abil: Spit Poison       ||     6
  Use: Potion            ||     2
       Scroll            ||     1
Armor: Leather armour    ||    16
Dodge: Dodged            ||    42

Table legend: (Time is in decaauts)
 A = Elapsed time spent in this place.
 B = Non-inter-level travel time spent in this place.
 C = Inter-level travel time spent in this place.
 D = Time resting spent in this place.
 E = Time spent auto-exploring this place.
 F = Levels seen in this place.
 G = Mean time per level.
                   A        B        C        D        E       F      G
               +--------+--------+--------+--------+--------+-----+--------+
         Total |   1882 |   1863 |     19 |    457 |   1220 |   2 |  941.0 |
       Dungeon |   1882 |   1863 |     19 |    457 |   1220 |   2 |  941.0 |
               +--------+--------+--------+--------+--------+-----+--------+

Top non-repeatable levels by time:
     D:1: 1860 daAuts
     D:2: 21 daAuts
